Map: Whirlwind LE (Void)

Players

Gorod - Winner!

  • Race: Zerg Zerg
  • League: Diamond
  • Spawn Location: 11:00

DoNoR

  • Race: Zerg Zerg
  • League: Diamond
  • Spawn Location: 7:00

VOD

Have the link to the VOD?

Description

Time

  • Played on: Dec. 15, 2016, 12:45 p.m.
  • Length: 7:10
Show
View Real Time Build Order
Export as new Build Order

Gorod Zerg - Winner!

Build Orders: Hatch First 

Get SALT Encoding   

  12  0:06  Drone  
  13  0:07  Drone  
  14  0:19  Extractor  
  14  0:20  Drone  
  15  0:50  Extractor  
  15  0:51  Hatchery, Drone  
  15  1:01  Spawning Pool  
  14  1:04  Extractor  
  14  1:05  Extractor  
  14  1:07  Drone  
  13  1:13  Drone  
  15  1:22  Overlord  
  15  1:42  Drone x3  
  18  1:49  Queen  
  20  2:02  Queen  
  20  2:03  Drone  
  23  2:09  Drone  
  24  2:18  Metabolic Boost  
  24  2:20  Zergling x2  
  25  2:24  Overlord  
  25  2:28  Drone  
  26  2:31  Drone  
  27  2:38  Drone  
  27  2:42  Zergling x4  
  30  2:49  Baneling Nest  
  29  2:54  Zergling x4  
  31  3:18  Evolution Chamber  
  29  3:33  Zergling x14  
  35  3:38  Baneling x2  
  34  3:43  Zergling x4  
  30  4:06  Zergling x10  
  35  4:16  Zerg Melee Weapons Level 1  
  35  4:21  Baneling x2  
  35  4:36  Zergling x2  
  36  4:45  Baneling x3  
  29  5:11  Zergling x16  
  29  5:12  Zergling x2  
  29  5:14  Zergling x4  
  36  5:21  Drone  
  36  5:22  Overlord  
  36  5:23  Overlord  
  36  5:30  Baneling x3  
  36  5:40  Zergling x10  
  37  5:49  Zergling x2  
  38  6:02  Zergling x2  
  38  6:03  Zergling x10  
  42  6:05  Baneling x2  
  42  6:07  Baneling x2  
  42  6:09  Baneling x2  
  39  6:26  Zergling x18  
  45  6:40  Zergling x2  
  45  6:41  Zergling x4  
  48  6:50  Zergling x2  
Show
View Real Time Build Order
Export as new Build Order

DoNoR Zerg 

Build Orders: Pool First 

Get SALT Encoding   

  12  0:01  Drone  
  13  0:12  Overlord  
  13  0:18  Drone  
  14  0:30  Drone  
  14  0:31  Drone  
  16  0:39  Drone  
  17  0:43  Extractor  
  17  0:49  Spawning Pool  
  15  0:50  Drone  
  16  0:59  Drone  
  17  1:24  Hatchery  
  16  1:27  Drone  
  17  1:36  Queen  
  19  1:44  Metabolic Boost  
  19  1:46  Drone  
  20  1:47  Drone  
  20  1:50  Drone  
  22  2:26  Overlord  
  22  2:36  Queen  
  22  2:38  Drone x3  
  27  2:49  Baneling Nest  
  26  2:58  Zergling x10  
  29  2:59  Zergling x2  
  29  3:04  Overlord  
  32  3:10  Zergling x4  
  34  3:19  Evolution Chamber  
  33  3:23  Drone x2  
  35  3:38  Hatchery  
  33  3:46  Baneling  
  26  4:03  Zergling x2  
  26  4:05  Drone x3  
  30  4:10  Zerg Melee Weapons Level 1  
  30  4:11  Zergling x8  
  30  4:16  Zergling x4  
  36  4:24  Baneling x2  
  36  4:25  Zergling x2  
  37  4:43  Zergling x2  
  37  4:44  Baneling x2  
  37  4:47  Zergling x6  
  37  4:48  Zergling x2  
  37  4:51  Baneling  
  40  5:03  Baneling  
  35  5:12  Zergling x4  
  35  5:13  Zergling x6  
  37  5:25  Zergling x4  
  37  5:26  Zergling x2  
  37  5:27  Drone x2, Overlord x2  
  37  5:28  Hatchery  
  39  5:44  Zergling x4  
  39  5:47  Baneling  
  40  5:59  Drone x3, Overlord x2  
  40  6:02  Zergling x6  
  35  6:20  Zergling x2  
  27  6:27  Zergling x6  
  27  6:31  Zergling x4  
  25  6:51  Drone x4  
  25  6:52  Zergling x4  
Tags
 
Add a new tag
Caveats
  • Supply blocks, unpowered buildings, or Contaminate may cause inaccurate times.
  • Supply counts are checked every 10 seconds.